 Dungeon Crawl Stone Soup version 0.31.0-32-g396128a36d (webtiles) character file.

Game seed: 10333853365719708433

620743 Gabide the Sensei (level 27, -2/192 HPs)
             Began as a Gargoyle Gladiator on Apr 23, 2024.
             Was the Champion of Dithmenos.
             Splashed by an acid blob's acid (3 damage)
             ... created by the Royal Jelly
             ... on level 4 of the Pits of Slime.
             The game lasted 02:44:27 (58633 turns).

Gabide the Sensei (Gargoyle Gladiator)             Turns: 58633, Time: 02:44:28

Health: -2/192     AC: 56    Str: 22    XL:     27
Magic:  16/23      EV: 21    Int: 11    God:    Dithmenos [******]
Gold:   6043       SH:  0    Dex: 21    Spells: 26/26 levels left

rFire   + +          .
                       - Unarmed
rCold   + + .        (no shield)
rNeg    + + +        c - +9 plate armour of Proximity {rCorr Str+3}
rPois   ∞            Q - +1 hat of the Curupira {rN+ Regen+ Int+3 Stlth+}
rElec   +            D - +2 cloak
rCorr   +            i - +2 pair of gloves
SInv    +            N - +2 pair of boots of Hedging {-Cast rF+ SInv}
Will    ++...        A - amulet of regeneration Stlth
                     Y - ring "Rutyiw" {rF+ rC+}
HPRegen 2.12/turn    u - ring "Lyaph" {rC+ rN+}
MPRegen 0.18/turn

%: no spellcasting
@: corroded, flying, wreathed by umbra, studying 5 skills
A: sickness immunity, AC +20, big wings, negative energy resistance 1,
electricity resistance, torment resistance 1, petrification resistance, dopey 1,
weak 1
}: 4/15 runes: decaying, silver, abyssal, gossamer
a: Renounce Religion, Shadow Step, Shadow Form


You were on level 4 of the Pits of Slime.
You worshipped Dithmenos.
Dithmenos was exalted by your worship.
You visited 11 branches of the dungeon, and saw 51 of its levels.
You visited the Abyss 1 time.
You also visited: Ice Cave.

You collected 9122 gold pieces.
You spent 3079 gold pieces at shops.

Inventory:

Hand Weapons
 a - the +27 heavy crossbow "Sniper" {heavy, Acc+∞ SInv}
   (You found it on level 5 of the Vaults)

   Acc+∞: It never misses its target.
   SInv:      It lets you see invisible.
Missiles
 k - 2 throwing nets
 q - 9 javelins
 B - 10 curare-tipped darts
Armour
 c - the +9 plate armour of Proximity (worn) {rCorr Str+3}
   (You found it on level 13 of the Dungeon)

   Str+3:     It affects your strength (+3).
   rCorr:     It protects you from acid and corrosion.
 i - a +2 pair of gloves (worn)
 j - the +1 robe of Vines {NoPotionHeal Regen++++}
   (You found it on level 3 of the Crypt)

   NoPotionHeal: Its wearer cannot be healed by potions.
   Regen++++: It increases your rate of health regeneration.
 D - a +2 cloak (worn)
 N - the +2 pair of boots of Hedging (worn) {-Cast rF+ SInv}
   (You found it on level 4 of the Spider Nest)

   rF+:       It protects you from fire.
   SInv:      It lets you see invisible.
   -Cast:     It prevents spellcasting.
 Q - the +1 hat of the Curupira (worn) {rN+ Regen+ Int+3 Stlth+}
   (You acquired it on level 2 of the Swamp)

   Int+3:     It affects your intelligence (+3).
   rN+:       It protects you from negative energy.
   Regen+:    It increases your rate of health regeneration.
   Stlth+:    It makes you more stealthy.
 W - +8 gold dragon scales
Jewellery
 e - the amulet "Tosoggal" {^Contam Harm rN+ Regen+}
   (You took it off a deep elf zephyrmancer on level 3 of the Elven Halls)

   [amulet of regeneration]

   rN+:       It protects you from negative energy.
   ^Contam:   It causes magical contamination when unequipped.
   Regen+:    It increases your rate of health regeneration.
   Harm:      It increases damage dealt and taken.
 n - a +6 ring of strength
 u - the ring "Lyaph" (right hand) {rC+ rN+}
   (You found it on level 3 of the Crypt)

   [ring of positive energy]

   rC+:       It protects you from cold.
   rN+:       It protects you from negative energy.
 A - an amulet of regeneration (around neck)
 F - the ring "Tyele" {rN+ Dex+3}
   (You found it on level 3 of the Crypt)

   [ring of positive energy]

   Dex+3:     It affects your dexterity (+3).
   rN+:       It protects you from negative energy.
 M - a ring of resist corrosion
 P - a ring of protection from fire
 S - a ring of willpower
 T - a ring of see invisible
 Y - the ring "Rutyiw" (left hand) {rF+ rC+}
   (You found it in an ice cave)

   [ring of protection from cold]

   rF+:       It protects you from fire.
   rC+:       It protects you from cold.
Wands
 s - a wand of paralysis (14)
 E - a wand of mindburst (39)
 I - a wand of digging (14)
 J - a wand of acid (29) (quivered)
Scrolls
 b - 2 scrolls of torment
 g - 2 scrolls of summoning
 h - a scroll of blinking
 m - 6 scrolls of immolation
 o - 19 scrolls of teleportation
 z - 7 scrolls of vulnerability
 C - 6 scrolls of revelation
 G - 9 scrolls of fog
 L - 11 scrolls of fear
 R - 7 scrolls of poison
Potions
 d - 3 potions of enlightenment
 f - 9 potions of ambrosia
 l - 8 potions of curing
 p - a potion of mutation
 r - 2 potions of heal wounds
 v - 2 potions of cancellation
 w - 4 potions of might
 x - a potion of resistance
 y - 8 potions of attraction
 H - 9 potions of lignification
 K - 5 potions of haste
 Z - a potion of invisibility
Miscellaneous
 t - a phantom mirror
 O - a phial of floods
 U - a lightning rod (4/4)
 V - a box of beasts
 X - a tin of tremorstones (2/2)


   Skills:
 + Level 24.9 Fighting
 - Level 3.0 Throwing
 + Level 24.8 Armour
 + Level 22.3 Dodging
 - Level 26.9 Unarmed Combat


You had 26 spell levels left.
You didn't know any spells.
Your spell library contained the following spells:

 Spells                   Type           Power      Damage    Failure   Level
 Apportation              Tloc           0%         N/A       85%         1
 Foxfire                  Conj/Fire      0%         2x1d4     85%         1
 Freeze                   Ice            0%         1d3       85%         1
 Kiss of Death            Conj/Necr      0%         2d5       85%         1
 Magic Dart               Conj           0%         1d3       85%         1
 Necrotise                Necr           0%         1d4       85%         1
 Sting                    Conj/Alch      0%         1d3       85%         1
 Summon Small Mammal      Summ           0%         N/A       85%         1
 Lesser Beckoning         Tloc           0%         N/A       94%         2
 Static Discharge         Conj/Air       0%         3-3/arc   94%         2
 Call Canine Familiar     Summ           0%         N/A       99%         3
 Frozen Ramparts          Ice            0%         1d1       99%         3
 Gell's Gravitas          Tloc           0%         N/A       99%         3
 Hailstorm                Conj/Ice       0%         3d5       99%         3
 Passwall                 Erth           0%         N/A       99%         3
 Sigil of Binding         Hex            0%         N/A       99%         3
 Stone Arrow              Conj/Erth      0%         3d7       99%         3
 Summon Ice Beast         Ice/Summ       0%         N/A       99%         3
 Swiftness                Air            0%         N/A       99%         3
 Teleport Other           Tloc           0%         N/A       99%         3
 Tukima's Dance           Hex            0%         N/A       99%         3
 Vampiric Draining        Necr           0%         2d6       99%         3
 Airstrike                Air            0%         2d(0-16)  100%        4
 Animate Dead             Necr           0%         N/A       100%        4
 Brom's Barrelling Bould  Conj/Erth      0%         2d3       100%        4
 Dimensional Bullseye     Hex/Tloc       0%         N/A       100%        4
 Fulminant Prism          Conj/Alch      0%         3d5       100%        4
 Ignite Poison            Fire/Alch      0%         N/A       100%        4
 Iskenderun's Mystic Bla  Conj/Tloc      0%         2d3       100%        4
 Manifold Assault         Tloc           0%         N/A       100%        4
 Martyr's Knell           Necr/Summ      0%         N/A       100%        4
 Olgreb's Toxic Radiance  Alch           0%         N/A       100%        4
 Passage of Golubria      Tloc           0%         N/A       100%        4
 Sticky Flame             Fire/Alch      0%         2d4       100%        4
 Summon Lightning Spire   Summ/Air       0%         N/A       100%        4
 Vhi's Electric Charge    Tloc/Air       0%         N/A       100%        4
 Arcjolt                  Conj/Air       0%         1d10      100%        5
 Borgnjor's Vile Clutch   Necr/Erth      0%         N/A       100%        5
 Curse of Agony           Necr           0%         N/A       100%        5
 Fireball                 Conj/Fire      0%         3d3       100%        5
 Freezing Cloud           Conj/Ice/Air   0%         6-21      100%        5
 Irradiate                Conj/Alch      0%         3d11      100%        5
 Iskenderun's Battlesphe  Conj           0%         2d6       100%        5
 Silence                  Hex/Air        0%         N/A       100%        5
 Summon Forest            Summ/Tloc      0%         N/A       100%        5
 Yara's Violent Unravell  Hex/Alch       0%         3d3       100%        5
 Conjure Ball Lightning   Conj/Air       0%         3x3d6     100%        6
 Dispersal                Tloc           0%         N/A       100%        6
 Eringya's Noxious Bog    Alch           0%         4d6       100%        6
 Plasma Beam              Fire/Air       0%         2x1d10    100%        6
 Sculpt Simulacrum        Ice/Alch       0%         N/A       100%        6
 Haunt                    Necr/Summ      0%         N/A       100%        7
 Malign Gateway           Summ/Tloc      0%         N/A       100%        7
 Orb of Destruction       Conj           0%         9d5       100%        7
 Ozocubu's Refrigeration  Ice            0%         4d7       100%        7
 Spellforged Servitor     Conj/Summ      0%         N/A       100%        7
 Summon Hydra             Summ           0%         N/A       100%        7
 Discord                  Hex            0%         N/A       100%        8
 Disjunction              Tloc           0%         N/A       100%        8
 Lehudib's Crystal Spear  Conj/Erth      0%         10d2      100%        8
 Summon Horrible Things   Summ           0%         N/A       100%        8
 Chain Lightning          Conj/Air       0%         N/A       100%        9
 Death's Door             Necr           0%         N/A       100%        9
 Fire Storm               Conj/Fire      0%         5d1       100%        9
 Shatter                  Erth           0%         3d5*      100%        9
 Cigotuvi's Dreadful Rot  Necr/Alch/Air  Unusable   N/A       N/A         2
 Sublimation of Blood     Necr           Unusable   N/A       N/A         2

Dungeon Overview and Level Annotations

Branches:
Dungeon (15/15)            Temple (1/1) D:5            Lair (5/5) D:8
  Swamp (4/4) Lair:2       Spider (4/4) Lair:2        Slime (5/5) Lair:4
    Orc (2/2) D:11            Elf (3/3) Orc:2        Vaults (5/5) D:13
  Crypt (3/3) Vaults:3       Tomb (0/3) Crypt:3      Depths (4/4) D:15
    Zot (0/5) Depths:4      IceCv (visited)

Altars:
Ashenzari
Cheibriados
Dithmenos
Elyvilon
Fedhas
Gozag
Hepliaklqana
Kikubaaqudgha
Makhleb
Nemelex Xobeh
Okawaru
Qazlal
Ru
Sif Muna
Trog
Uskayaw
Vehumet
Wu Jian
Xom
Yredelemnul
Zin
The Shining One

Shops:
D:8 (   D:11 :   Orc:1 ?   Orc:2 ([*:   Elf:1 (   Elf:2 (   Elf:3 *=?
Vaults:1 *   Vaults:2 *   Vaults:4 :   Depths:3 *

Portals:
Hell: Depths:1 Depths:2 Depths:3 Depths:4
Abyss: Depths:2 Depths:3 Depths:4
Pandemonium: Depths:2 Depths:3
Ziggurat: Depths:3

Annotations:
D:6 1 runed translucent door, doomer191's ghost, novice GnFi
Slime:5 Royal Jelly


Innate Abilities, Weirdness & Mutations

You are immune to sickness and miasma.
Your stone body is resilient. (AC +20)
You are immune to poison.
Your large and strong wings let you fly.
You resist negative energy. (rN+)
You are resistant to electric shocks. (rElec)
You are resistant to unholy torment.
You are immune to petrification.
You are dopey. (Int -2)
You are weak. (Str -2)


Message History

The acid blob spits acid at you. The splash of acid hits you! You resist.
* * * LOW HITPOINT WARNING * * *
The quicksilver ooze hits you.
* * * LOW HITPOINT WARNING * * *
You emit a cloud of dark smoke.
The quicksilver ooze engulfs you!
The quicksilver ooze hits you but does no damage.
You pound the quicksilver ooze into fine dust!!!
You kill the quicksilver ooze!
That felt strangely unrewarding.
The ooze engulfing you falls away. The acid blob spits acid at you.
The splash of acid hits you but does no damage.
You punch the acid blob!
Your hands burn!
* * * LOW HITPOINT WARNING * * *
The acid blob is lightly wounded.
The acid blob spits acid at you.
The splash of acid hits you but does no damage.
The acid blob spits acid at you. The splash of acid hits you. You resist.
* * * LOW HITPOINT WARNING * * *
You punch the acid blob!
Your hands burn!
* * * LOW HITPOINT WARNING * * *
You punch the acid blob, but do no damage.
The acid blob is lightly wounded.
Your shadow hits the acid blob.
Your shadow is burned by acid!
You pummel the acid blob!! The acid corrodes you!
Your hands burn!
* * * LOW HITPOINT WARNING * * *
You punch the acid blob, but do no damage.
The acid blob is heavily wounded.
The acid blob hits you but does no damage. x2
You pummel the acid blob!!
Your hands burn!
* * * LOW HITPOINT WARNING * * *
The acid blob is severely wounded.
Your shadow hits the acid blob.
Your shadow is burned by acid!
The acid blob hits you!!
* * * LOW HITPOINT WARNING * * *
You emit a cloud of dark smoke.
You are splashed with acid.
You resist.
You die...

.## #..#......# ##...# ..###
##........## ##.#.#
.##.####.........### ####....##
.....##..........#.## ##.###....#
.##..###............###........##
##....##...........###.#.......##
#.......#.....§§§§§.#...#.......#
##............§JJ§§..............
###...........§§@§§.......#......
...#..........§§§§§.....#........
....##........§§§§§..<.#....#....
...##.......#....................
..#.............................#
...............................##
.................<...............
...........#.......<.............
.....................##....##....


You could see 2 acid blobs.

Vanquished Creatures
  3 dread liches
  Frederick (Crypt:1)
  4 juggernauts (Depths:2)
  Sojobo (Vaults:3)
  the Lernaean hydra (Swamp:4)
  Margery (Vaults:4)
  Saint Roka (Orc:2)
  Bai Suzhen (Crypt:1)
  A curse toe (Crypt:3)
  Nikola (Spider:2)
  4 golden dragons
  Arachne (Spider:2)
  5 bone dragons
  A hellephant (Vaults:4)
  A Tzitzimitl (Depths:2)
  2 doom hounds (Depths:2)
  5 tentacled monstrosities
  Mlioglotl (Spider:3)
  Grunn (Depths:2)
  6 liches
  A walking frostbound tome (Depths:3)
  3 titans
  2 deep elf master archers (Elf:3)
  25 acid blobs
  3 deep elf blademasters
  Frances (Spider:1)
  9 sphinxes
  Gastronok (Lair:2)
  4 tentacled starspawn (Abyss:4)
  8 ancient champions
  Kirke (Lair:4)
  3 storm dragons
  6 shadow dragons
  Donald (Spider:2)
  8 frost giants
  12 rockslimes
  6 azure jellies
  A revenant (Crypt:2)
  8 tengu reavers
  7 deep elf sorcerers
  18 fire giants
  A fenstrider witch (Swamp:3)
  11 vault wardens
  5 deep elf elementalists (Elf:3)
  6 emperor scorpions (Spider:4)
  A cacodemon (Depths:3)
  A draconian annihilator (Depths:4)
  A balrug (Abyss:4)
  5 ghost moths
  7 ghouls
  3 orc warlords
  A spriggan defender (Depths:4)
  2 reapers
  24 ironbound preservers
  3 curse skulls (Crypt:2)
  19 quicksilver oozes
  6 formless jellyfish
  33 very ugly things
  11 ironbound thunderhulks
  2 broodmothers (Spider:2)
  18 stone giants
  3 juggernaut skeletons
  4 deep elf demonologists
  4 eleionomae
  A lorocyproca (Abyss:4)
  4 caustic shrike skeletons (Crypt:3)
  8 vampire knights
  A purple draconian (shapeshifter) (Vaults:5)
  12 deep elf death magi
  4 bunyips
  4 purple draconians (Depths:4)
  15 dire elephants
  5 spark wasps
  3 green draconians (Depths:4)
  5 deep elf annihilators
  5 war gargoyles
  A blizzard demon (Abyss:4)
  2 yellow draconians (Depths:4)
  12 ettins
  A green death (Depths:3)
  3 crystal guardians
  6 entropy weavers
  3 eidola
  11 fire dragons
  6 jiangshi
  11 yaktaur captains
  A shambling mangrove (Swamp:2)
  8 deep elf high priests
  6 great orbs of eyes
  4 peacekeepers
  10 ice dragons
  8 rakshasas
  32 vault guards
  A hell beast (Depths:2)
  A hydra (shapeshifter) (Abyss:4)
  A quicksilver dragon skeleton (Crypt:3)
  A radroach (Spider:4)
  Erolcha (D:13)
  A jorogumo (Spider:3)
  3 spriggan air magi
  4 catoblepae (Lair:5)
  5 alligators (Swamp:4)
  29 two-headed ogres
  A fenstrider witch skeleton (Crypt:3)
  11 centaur warriors
  9 ironbound frosthearts
  19 hydras
  A spriggan skeleton (Crypt:3)
  9 ogre magi
  A hell hog (Abyss:4)
  25 dancing weapons
  12 deep troll shamans
  2 death knights
  16 deep troll earth magi
  A two-headed ogre (shapeshifter) (Vaults:5)
  4 demonic crawlers
  7 boulder beetles
  3 tengu warriors
  9 death yaks
  2 occultists
  3 vampire magi
  2 orc high priests (Orc:2)
  A quicksilver ooze zombie (Crypt:2)
  5 soul eaters
  12 spriggan berserkers
  17 deep elf knights
  7 thrashing horrors
  14 hell knights
  Sonja (Orc:2)
  Nergalle (Orc:1)
  A shock serpent (shapeshifter) (Vaults:5)
  7 iron trolls
  5 titan skeletons
  A fire crab (Lair:5)
  2 goliath frogs
  A spatial maelstrom (Abyss:4)
  6 wretched stars (Abyss:4)
  2 shadow wraiths
  A sixfirhy (Abyss:3)
  37 skeletal warriors
  2 pharaoh ants
  A storm dragon skeleton (Crypt:1)
  3 glowing orange brains
  3 spriggan druids
  An orb spider (shapeshifter) (Depths:3)
  12 swamp dragons
  88 deep trolls
  3 bog bodies
  A glowing orange brain (shapeshifter) (Vaults:5)
  6 orb spiders
  A sun moth (Spider:1)
  10 deep elf archers
  A mana viper (shapeshifter) (Vaults:3)
  19 phantasmal warriors
  A bunyip skeleton (Crypt:3)
  5 lindwurms
  14 orc knights
  3 necromancers
  An iron dragon zombie (Crypt:2)
  5 steelbarb worms
  7 arcanists
  21 ironbound convokers
  2 flayed ghosts
  36 deep elf pyromancers
  31 deep elf zephyrmancers
  A harpy (shapeshifter) (Abyss:4)
  An orange crystal statue (IceCv)
  39 ugly things
  2 tengu skeletons (Vaults:2)
  The ghost of mrks the Thaumaturge, a novice DEFE of Sif Muna (D:9)
  3 orc sorcerers
  7 shining eyes
  18 wolf spiders
  2 human zombies (Vaults:2)
  6 manticores
  A worldbinder (Abyss:3)
  8 will-o-the-wisps
  An iron dragon skeleton (Crypt:2)
  6 moths of wrath
  6 cyclopes
  An elephant (shapeshifter) (Elf:2)
  3 meliai (Spider:4)
  43 elephants
  A guardian serpent (Abyss:4)
  2 shadow dragon skeletons (Crypt:3)
  Joseph (D:9)
  A kobold blastminer (Orc:2)
  3 stone giant skeletons (Crypt:3)
  3 human skeletons (Vaults:2)
  5 black mambas
  An apocalypse crab (Abyss:4)
  14 cane toads
  2 guardian serpents (shapeshifter) (Abyss:4)
  22 vault sentinels
  An orange demon (Abyss:4)
  7 eyes of devastation
  A purple draconian zombie (Crypt:1)
  8 smoke demons
  8 storm dragon simulacra (IceCv)
  10 large abominations
  7 unseen horrors (Abyss:4)
  3 hellions
  3 dire elephant skeletons (Crypt:3)
  A grey draconian zombie (Crypt:1)
  5 torpor snails
  A tormentor (Depths:2)
  An iron troll zombie (Crypt:1)
  9 ancient zymes
  A catoblepas skeleton (Crypt:1)
  9 freezing wraiths
  32 yaktaurs
  3 efreet
  9 komodo dragons
  A red devil (Abyss:4)
  5 golden dragon simulacra (IceCv)
  A sea snake skeleton (Crypt:2)
  2 tengu conjurers (Depths:2)
  A hellwing (Abyss:4)
  6 trolls
  A red draconian skeleton (Crypt:1)
  6 tyrant leeches
  A merfolk (shapeshifter) (Vaults:5)
  2 purple draconian skeletons
  7 blink frogs
  A polar bear (shapeshifter) (D:15)
  8 polar bears
  A hydra skeleton (Crypt:3)
  A harpy skeleton (Crypt:3)
  15 hornets
  20 tarantellas
  4 raiju (Abyss:4)
  A snapping turtle (shapeshifter) (Vaults:4)
  3 glass eyes
  6 dream sheep (Lair:5)
  An ettin zombie (Vaults:2)
  A slime creature (shapeshifter) (Depths:3)
  7 air elementals
  A satyr skeleton (Crypt:2)
  2 shadows
  An ettin skeleton (Crypt:3)
  23 jumping spiders
  2 wyverns
  81 slime creatures
  8 wraiths
  23 culicivoras
  19 spriggans
  3 ynoxinuls (Abyss:4)
  A fire elemental (Elf:2)
  6 hogs
  3 water elementals (Depths:2)
  6 fire bats (Abyss:4)
  2 vampires
  8 basilisks
  73 yaks
  2 basilisks (shapeshifter)
  9 humans (D:13)
  3 neqoxecs
  6 wargs
  8 golden eyes
  44 redbacks
  A steam dragon (D:9)
  A vampire mosquito (D:15)
  4 chaos spawn (Abyss:4)
  A demonspawn zombie (Crypt:3)
  12 swamp worms
  2 acid dragons (D:11)
  15 water moccasins
  48 orc warriors
  A water moccasin (shapeshifter) (Elf:1)
  8 swamp drakes
  3 ice dragon simulacra (IceCv)
  6 ice beasts
  A sky beast (D:7)
  11 black bears
  34 laughing skulls
  11 wolves
  A deep troll simulacrum (Vaults:1)
  13 ogres
  8 centaurs
  2 boggarts (Elf:1)
  2 phantoms
  30 starcursed masses (Abyss:4)
  A rime drake zombie (Crypt:1)
  2 rime drake skeletons
  2 weeping skulls (Abyss:4)
  2 brain worms (Abyss:4)
  15 bullfrogs
  A human simulacrum (Vaults:2)
  A gnoll sergeant (D:8)
  A necrophage (Crypt:3)
  A cyclops zombie (Crypt:3)
  A komodo dragon skeleton (Crypt:2)
  A scorpion (D:8)
  A salamander skeleton (Crypt:1)
  A draconian skeleton (Crypt:3)
  3 earth elementals
  8 small abominations
  33 wights
  17 killer bees
  5 lindwurm simulacra (IceCv)
  A shapeshifter skeleton (Crypt:2)
  A howler monkey (D:8)
  3 jellies
  2 quasits (D:9)
  A hound (D:5)
  3 bombardier beetles
  15 orc priests
  A gnoll bouda (D:5)
  Ijyb (D:3)
  23 orc wizards
  A hound skeleton (Crypt:2)
  5 adders
  12 gnolls
  A white imp (Vaults:1)
  2 ufetubi (D:5)
  3 dart slugs
  A ribbon worm (D:4)
  96 orcs
  7 ball pythons
  6 endoplasms
  2 giant cockroaches (D:1)
  6 goblins
  9 hobgoblins
  6 jackals
  3 kobolds (D:1)
  3 quokkas
  4 bats
  2 frilled lizards
  An orc zombie (Crypt:1)
  6 rats
  A rat skeleton (Crypt:3)
  A rat zombie (Crypt:3)
  A lurking horror (Abyss:4)
  2 starspawn tentacles (Abyss:4)
2417 creatures vanquished.

Vanquished Creatures (others)
  An ice dragon (IceCv)
  An unseen horror (Abyss:4)
  2 bloated husks (Swamp:1)
  A fire bat (Abyss:4)
  An ogre (Vaults:5)
  A wight (D:6)
  20 foxfires
  4 lurking horrors (Abyss:4)
  8 starspawn tentacles (Abyss:4)
39 creatures vanquished.

Grand Total: 2456 creatures vanquished

Notes
Turn   | Place    | Note
-------+----------+-------------------------------------------
     0 | D:1      | Gabide the Gargoyle Gladiator began the quest for the Orb.
     0 | D:1      | Reached XP level 1. HP: 12/12 MP: 1/1
    59 | D:1      | Found a faded altar of an unknown god.
   248 | D:1      | Reached XP level 2. HP: 15/18 MP: 2/2
   700 | D:1      | Reached XP level 3. HP: 22/22 MP: 3/3
  1752 | D:2      | Reached XP level 4. HP: 27/27 MP: 4/4
  2325 | D:3      | Reached skill level 4 in Unarmed Combat
  2392 | D:3      | Noticed Ijyb
  2402 | D:3      | Killed Ijyb
  2403 | D:3      | Reached XP level 5. HP: 32/32 MP: 5/5
  3051 | D:3      | Reached XP level 6. HP: 37/37 MP: 6/6
  3349 | D:4      | Reached skill level 5 in Unarmed Combat
  3711 | D:5      | Entered Level 5 of the Dungeon
  3778 | D:5      | Noticed an orc warrior
  3794 | D:5      | Killed an orc warrior
  3795 | D:5      | Reached XP level 7. HP: 43/43 MP: 7/7
  3891 | D:5      | Reached skill level 6 in Unarmed Combat
  3960 | D:5      | Noticed a komodo dragon
  3964 | D:5      | Killed a komodo dragon
  3965 | D:5      | Reached skill level 5 in Fighting
  3965 | D:5      | Reached XP level 8. HP: 49/49 MP: 8/8
  4115 | D:5      | Reached skill level 7 in Unarmed Combat
  4283 | D:5      | Found a staircase to the Ecumenical Temple.
  4646 | Temple   | Entered the Ecumenical Temple
  4692 | Temple   | Became a worshipper of Dithmenos the Shadowed
  4765 | D:6      | Found a runed translucent door.
  4866 | D:6      | Noticed doomer191's ghost (novice GnFi)
  5060 | D:6      | Reached skill level 5 in Dodging
  5060 | D:6      | Reached skill level 8 in Unarmed Combat
  5268 | D:6      | Reached XP level 9. HP: 54/55 MP: 9/9
  5741 | D:7      | Reached skill level 9 in Unarmed Combat
  5859 | D:7      | Reached * piety under Dithmenos
  6735 | D:7      | Reached skill level 10 in Unarmed Combat
  6741 | D:7      | Reached XP level 10. HP: 44/64 MP: 10/10
  6918 | D:8      | Found Reimi's Weapon Shoppe.
  7095 | D:8      | Found a staircase to the Lair.
  7196 | D:8      | Reached ** piety under Dithmenos
  7307 | D:8      | Noticed a two-headed ogre
  7333 | D:8      | Killed a two-headed ogre
  7334 | D:8      | Reached skill level 11 in Unarmed Combat
  7662 | D:9      | Found a transporter.
  7667 | D:9      | Noticed Joseph
  7676 | D:9      | Noticed mrks's ghost (novice DEFE)
  7678 | D:9      | Killed Joseph
  7698 | D:9      | Found a transporter.
  7806 | D:9      | Found a glowing golden altar of the Shining One.
  7894 | D:9      | Reached XP level 11. HP: 63/71 MP: 11/11
  7910 | D:9      | Reached skill level 12 in Unarmed Combat
  8521 | D:10     | Entered Level 10 of the Dungeon
  9892 | D:11     | Noticed a boulder beetle
  9926 | D:10     | Killed a boulder beetle
  9926 | D:10     | Reached *** piety under Dithmenos
 10076 | D:11     | Noticed a two-headed ogre
 10193 | D:11     | Reached skill level 10 in Fighting
 10234 | D:11     | Noticed a two-headed ogre
 10339 | Lair:1   | Entered Level 1 of the Lair of Beasts
 10408 | Lair:1   | Reached skill level 13 in Unarmed Combat
 10842 | Lair:1   | Reached XP level 12. HP: 72/78 MP: 12/12
 11186 | Lair:1   | Reached skill level 14 in Unarmed Combat
 11198 | Lair:1   | Reached **** piety under Dithmenos
 11921 | Lair:2   | Reached skill level 15 in Unarmed Combat
 11981 | Lair:2   | Found a hole to the Spider Nest.
 11986 | Lair:2   | Noticed Gastronok
 12009 | Lair:2   | Killed Gastronok
 12010 | Lair:2   | Reached XP level 13. HP: 48/86 MP: 13/13
 12272 | Lair:2   | Found a staircase to the Swamp.
 12279 | Lair:2   | Noticed an eleionoma
 12309 | Lair:2   | Killed an eleionoma
 12903 | Lair:3   | Reached ***** piety under Dithmenos
 13002 | Lair:3   | Reached skill level 16 in Unarmed Combat
 13241 | Lair:3   | Reached skill level 10 in Dodging
 14111 | Lair:4   | Gained mutation: Your large and strong wings let you fly.
                  | [Gargoyle growth]
 14111 | Lair:4   | Reached XP level 14. HP: 77/94 MP: 14/14
 14218 | Lair:4   | Reached skill level 17 in Unarmed Combat
 14348 | Lair:4   | Noticed Kirke
 14421 | Lair:4   | Killed Kirke
 14547 | Lair:4   | Found a staircase to the Slime Pits.
 14904 | Lair:5   | Entered Level 5 of the Lair of Beasts
 15481 | Lair:5   | Reached ****** piety under Dithmenos
 15885 | Lair:5   | Reached skill level 18 in Unarmed Combat
 16498 | Lair:5   | Reached XP level 15. HP: 101/101 MP: 15/15
 16868 | D:9      | Killed mrks's ghost
 16966 | D:11     | Found a staircase to the Orcish Mines.
 17004 | D:11     | Found Ocreteq's Tremendous Tomes.
 19006 | D:12     | Found an ancient bone altar of Kikubaaqudgha.
 19722 | D:13     | Reached skill level 19 in Unarmed Combat
 19748 | D:13     | Reached skill level 15 in Fighting
 19768 | D:13     | Found a gate to the Vaults.
 19779 | D:13     | Identified the +9 plate armour of Proximity {rCorr Str+3}
 19976 | D:13     | Noticed Erolcha
 19988 | D:13     | Killed Erolcha
 20357 | D:14     | Reached skill level 1 in Armour
 21415 | D:14     | Identified a scroll of acquirement
 21415 | D:14     | Acquired 747 gold pieces
 21418 | D:15     | Entered Level 15 of the Dungeon
 21446 | D:15     | Found a staircase to the Depths.
 22069 | D:15     | Reached XP level 16. HP: 108/108 MP: 16/16
 22225 | D:15     | Found a sacrificial altar of Ru.
 22556 | Orc:1    | Entered Level 1 of the Orcish Mines
 22556 | Orc:1    | Found Nounoumi's Magic Scroll Boutique.
 22595 | Orc:1    | Bought a scroll of identify for 32 gold pieces
 22667 | Orc:1    | Noticed Nergalle
 22683 | Orc:1    | Killed Nergalle
 22924 | Orc:2    | Entered Level 2 of the Orcish Mines
 22925 | Orc:2    | Noticed Saint Roka
 23154 | Orc:2    | Reached skill level 20 in Unarmed Combat
 23404 | Orc:2    | Reached skill level 5 in Armour
 23430 | Orc:2    | Paralysed by an orc sorcerer for 5 turns
 23828 | Orc:2    | Noticed Sonja
 23836 | Orc:2    | Killed Sonja
 24143 | Orc:2    | Found Tenkaska's Antique Armour Emporium.
 24166 | Orc:2    | Found Qaufrowi's Book Emporium.
 24514 | Orc:2    | Killed Saint Roka
 24520 | Orc:2    | Found Aner's General Store.
 24673 | Orc:2    | Bought a potion of heal wounds for 75 gold pieces
 24673 | Orc:2    | Bought a scroll of enchant armour for 112 gold pieces
 24690 | Orc:2    | Bought a runed helmet for 150 gold pieces
 24690 | Orc:2    | Bought a scorched robe for 114 gold pieces
 24690 | Orc:2    | Identified the +2 robe of the Transmuting Gods {Will+
                  | Int+3} (You bought it in a shop on level 2 of the Orcish
                  | Mines)
 24713 | Orc:2    | Found a staircase to the Elven Halls.
 24777 | Orc:2    | Found Juuqyad's Antique Weapon Emporium.
 25113 | Orc:1    | Bought a scroll of vulnerability for 64 gold pieces
 25113 | Orc:1    | Bought a scroll of vulnerability for 64 gold pieces
 25113 | Orc:1    | Bought a scroll of torment for 152 gold pieces
 25240 | Swamp:1  | Entered Level 1 of the Swamp
 25732 | Swamp:1  | Identified the staff of Nemelex Xobeh {rElec rC+ Earth}
 26036 | Swamp:1  | Acquired a manual of Armour
 26513 | Swamp:2  | Acquired the +1 hat of the Curupira {rN+ Regen+ Int+3
                  | Stlth+}
 26907 | Swamp:2  | Reached skill level 21 in Unarmed Combat
 27110 | Swamp:3  | Noticed a tentacled monstrosity
 27120 | Swamp:3  | Killed a tentacled monstrosity
 27121 | Swamp:3  | Reached XP level 17. HP: 105/113 MP: 17/17
 27246 | Swamp:3  | Found a glacial archway.
 27268 | IceCv    | Entered an ice cave
 27395 | IceCv    | Reached skill level 10 in Armour
 27934 | IceCv    | Noticed a golden dragon
 27966 | IceCv    | Killed a golden dragon
 27998 | IceCv    | Identified the ring "Rutyiw" {rF+ rC+}
 28457 | Swamp:4  | Entered Level 4 of the Swamp
 28822 | Swamp:4  | Noticed the 27-headed Lernaean hydra
 28848 | Swamp:4  | Killed the 27-headed Lernaean hydra
 29246 | Swamp:4  | Got a decaying rune of Zot
 29473 | Spider:1 | Entered Level 1 of the Spider Nest
 29528 | Spider:1 | Noticed Frances
 29558 | Spider:1 | Killed Frances
 29905 | Spider:2 | Noticed Arachne
 29911 | Spider:1 | Reached skill level 15 in Armour
 30057 | Spider:2 | Killed Arachne
 30058 | Spider:2 | Reached XP level 18. HP: 115/119 MP: 18/18
 30142 | Spider:2 | Noticed Donald
 30151 | Spider:2 | Killed Donald
 30212 | Spider:2 | Reached skill level 15 in Dodging
 30294 | Spider:2 | Identified the +0 hat of the Sturgeon {Int+3 Dex+3}
 30477 | Spider:2 | Noticed Nikola
 30508 | Spider:2 | Killed Nikola
 32082 | Spider:4 | Entered Level 4 of the Spider Nest
 32100 | Spider:4 | Noticed Mlioglotl
 32364 | Spider:3 | Killed Mlioglotl
 33382 | Spider:4 | Got a gossamer rune of Zot
 33395 | Spider:4 | Identified the +2 pair of boots of Hedging {-Cast rF+ SInv}
 33444 | Spider:4 | Reached XP level 19. HP: 125/125 MP: 19/19
 33659 | Elf:1    | Entered Level 1 of the Elven Halls
 33667 | Elf:1    | Reached skill level 22 in Unarmed Combat
 33922 | Depths:1 | Entered Level 1 of the Depths
 34021 | Vaults:1 | Entered Level 1 of the Vaults
 35683 | Vaults:1 | Found Vutealy's Assorted Antiques.
 35692 | Vaults:1 | Bought a scroll of acquirement for 1560 gold pieces
 35692 | Vaults:1 | Acquired 674 gold pieces
 35699 | Vaults:1 | Identified the +10 whip of Ruination {flame, rF+ Str+4
                  | Int+2}
 35706 | Vaults:1 | Bought a fizzy grey potion for 27 gold pieces
 35932 | Vaults:2 | Reached skill level 23 in Unarmed Combat
 35932 | Vaults:2 | Reached XP level 20. HP: 133/133 MP: 20/20
 36034 | Vaults:2 | Identified the +0 robe "Lowneuxo" {+Blink Regen+}
 36399 | Vaults:2 | Found Syasuviy's Assorted Antiques.
 36414 | Vaults:2 | Bought 2 scrolls of revelation for 390 gold pieces
 36414 | Vaults:2 | Bought a steaming leather armour for 182 gold pieces
 36414 | Vaults:2 | Identified the +0 leather armour "Unnu" {Will+ Str-4 Int+3
                  | Dex+3} (You bought it in a shop on level 2 of the Vaults)
 38011 | Vaults:3 | Found a staircase to the Crypt.
 38027 | Vaults:3 | Noticed Sojobo
 38043 | Vaults:3 | Killed Sojobo
 38051 | Vaults:3 | Reached skill level 24 in Unarmed Combat
 38234 | Vaults:3 | Reached XP level 21. HP: 27/141 MP: 21/21
 38891 | Vaults:4 | Found Zuda's Book Emporium.
 39288 | Vaults:4 | Noticed Margery
 39314 | Vaults:4 | Killed Margery
 40438 | Depths:1 | HP: 5/141 [spriggan berserker/+1 heavy war axe (42)]
 40903 | Elf:1    | Paralysed by an air elemental for 1 turns
 40992 | Elf:1    | Found Teileruv's Weapon Shoppe.
 41287 | Elf:1    | Found a bloodstained altar of Trog.
 41452 | Elf:1    | Got Sif Muna's Atlas of Contaminated Ceraunoscopy
 41653 | Elf:2    | Found Lyvoukly's Weapon Emporium.
 41762 | Elf:2    | Reached XP level 22. HP: 145/148 MP: 22/22
 41762 | Elf:2    | Paralysed by an air elemental for 1 turns
 41986 | Elf:2    | Found a runed translucent gate.
 41987 | Elf:2    | Found a runed translucent gate.
 41987 | Elf:2    | Found a runed translucent gate.
 42927 | Elf:3    | Entered Level 3 of the Elven Halls
 43038 | Elf:3    | Reached skill level 25 in Unarmed Combat
 43125 | Elf:3    | Found Segiekog's Magic Scroll Boutique.
 43191 | Elf:3    | Found Ystrops's Jewellery Shop.
 43191 | Elf:3    | Found Afesmeij's General Store.
 43299 | Elf:3    | Paralysed by an air elemental for 1 turns
 43499 | Elf:3    | Identified the +11 dagger "Orimn" {antimagic, rN+ Str+2
                  | Dex+2}
 43499 | Elf:3    | Identified the amulet "Tosoggal" {^Contam Harm rN+ Regen+}
 43695 | Abyss:3  | Cast into level 3 of the Abyss (a ghostly deep elf
                  | demonologist)
 43815 | Abyss:3  | Found a corrupted altar of Lugonu.
 43827 | Abyss:4  | Found a corrupted altar of Lugonu.
 43856 | Abyss:4  | Paralysed by accursed screaming for 1 turns
 43952 | Abyss:4  | Found a corrupted altar of Lugonu.
 44042 | Abyss:4  | Paralysed by accursed screaming for 1 turns
 44122 | Abyss:4  | Gained mutation: You occasionally lose the ability to drink
                  | potions when taking damage. [a neqoxec]
 44160 | Abyss:4  | Lost mutation: You occasionally lose the ability to drink
                  | potions when taking damage. [potion of mutation]
 44160 | Abyss:4  | Gained mutation: Your magical capacity is low. (-10% MP)
                  | [potion of mutation]
 44160 | Abyss:4  | Gained mutation: You are agile. (Dex +4, Str/Int -1)
                  | [potion of mutation]
 44160 | Abyss:4  | Gained mutation: You have a pair of small horns on your
                  | head. [potion of mutation]
 44226 | Abyss:4  | Reached XP level 23. HP: 95/155 MP: 20/20
 44364 | Abyss:4  | Got an abyssal rune of Zot
 44423 | Abyss:4  | Gained mutation: Your health recovers twice as slowly from
                  | being drained. [a neqoxec]
 44465 | Abyss:4  | Found a corrupted altar of Lugonu.
 44518 | Abyss:4  | Found a corrupted altar of Lugonu.
 44577 | Abyss:4  | Found a corrupted altar of Lugonu.
 44684 | Elf:3    | Escaped the Abyss
 44777 | Elf:3    | Identified the +2 leather armour of Sophism {SInv}
 44943 | Elf:3    | Got the Secrets of Hot Despicable Deeds
 45332 | Crypt:1  | Entered Level 1 of the Crypt
 45358 | Crypt:1  | Lost mutation: You have a pair of small horns on your head.
                  | [potion of mutation]
 45358 | Crypt:1  | Lost mutation: Your health recovers twice as slowly from
                  | being drained. [potion of mutation]
 45358 | Crypt:1  | Lost mutation: You are agile. (Dex +4, Str/Int -1) [potion
                  | of mutation]
 45358 | Crypt:1  | Gained mutation: Your mind is acute. (Int +4, Str/Dex -1)
                  | [potion of mutation]
 45358 | Crypt:1  | Gained mutation: You are frail. (-10% HP) [potion of
                  | mutation]
 45358 | Crypt:1  | Gained mutation: A frigid envelope surrounds you and
                  | freezes all who hurt you. [potion of mutation]
 45359 | Crypt:1  | Lost mutation: A frigid envelope surrounds you and freezes
                  | all who hurt you. [potion of mutation]
 45359 | Crypt:1  | Lost mutation: Your mind is acute. (Int +4, Str/Dex -1)
                  | [potion of mutation]
 45360 | Crypt:1  | Lost mutation: Your magical capacity is low. (-10% MP)
                  | [potion of mutation]
 45360 | Crypt:1  | Lost mutation: You are frail. (-10% HP) [potion of
                  | mutation]
 45360 | Crypt:1  | Gained mutation: You have large cloven feet. [potion of
                  | mutation]
 45360 | Crypt:1  | Gained mutation: You have hoof-like feet. [potion of
                  | mutation]
 45462 | Crypt:1  | Noticed Bai Suzhen
 45466 | Crypt:1  | Identified the orb "Ceruk" {*channel, *Slow rF++}
 45466 | Crypt:1  | Noticed Frederick
 45478 | Crypt:1  | Killed Bai Suzhen
 45479 | Crypt:1  | Reached skill level 26 in Unarmed Combat
 45490 | Crypt:1  | Killed Frederick
 46174 | Crypt:2  | Found the +5 Lochaber axe {reach-cleave, Poleaxe ^Drain}
 46999 | Crypt:3  | Entered Level 3 of the Crypt
 47272 | Crypt:3  | Reached XP level 24. HP: 162/163 MP: 23/23
 47562 | Crypt:3  | Found a staircase to the Tomb.
 47720 | Crypt:3  | Identified the ring "Lyaph" {rC+ rN+}
 47720 | Crypt:3  | Identified the ring "Tyele" {rN+ Dex+3}
 47734 | Crypt:3  | Got the Handbook of Kinetic Energy
 47793 | Crypt:3  | Noticed a curse toe
 47797 | Crypt:3  | Killed a curse toe
 48014 | Crypt:3  | Noticed a dread lich
 48020 | Crypt:3  | Paralysed by a dread lich for 2 turns
 48029 | Crypt:3  | Paralysed by a dread lich for 4 turns
 48035 | Crypt:3  | Killed a dread lich
 48369 | Crypt:3  | Identified the +0 long sword of Unreason {freeze, rElec
                  | rCorr Str+3 Dex-2}
 48374 | Crypt:3  | Got Onackole's Secrets of Death
 48403 | Crypt:3  | Acquired a manual of Stealth
 48580 | Crypt:3  | Found the +1 robe of Vines {NoPotionHeal Regen++++}
 48638 | Crypt:3  | Identified the +7 arbalest "Zutim" {flame, rF- Will+++
                  | Int+5}
 49268 | Depths:1 | Identified the +1 great mace of the Dancing Visionary
                  | {venom, rCorr SInv}
 49475 | Depths:1 | Found a gateway to Hell.
 49627 | Depths:2 | Found a one-way gate to the infinite horrors of the Abyss.
 49822 | Depths:2 | Found a one-way gate leading to the halls of Pandemonium.
 50215 | Depths:2 | Noticed Grunn
 50225 | Depths:2 | Reached XP level 25. HP: 172/172 MP: 23/23
 50272 | Depths:2 | Killed Grunn
 50449 | Depths:2 | Noticed a juggernaut
 50459 | Depths:2 | Killed a juggernaut
 50473 | Depths:2 | Noticed a juggernaut
 50476 | Depths:2 | Noticed a juggernaut
 50488 | Depths:2 | Noticed a dread lich
 50489 | Depths:2 | Killed a juggernaut
 50503 | Depths:2 | Killed a dread lich
 50514 | Depths:2 | Killed a juggernaut
 50517 | Depths:2 | Noticed a dread lich
 50525 | Depths:2 | Paralysed by a dread lich for 5 turns
 50537 | Depths:2 | Killed a dread lich
 50543 | Depths:2 | Found a faded altar of an unknown god.
 50637 | Depths:2 | Noticed a juggernaut
 50653 | Depths:2 | Killed a juggernaut
 50840 | Depths:3 | Found Kiyneev's Assorted Antiques.
 50969 | Depths:3 | Found a one-way gateway to a ziggurat.
 51211 | Depths:3 | Found the +8 storm bow {elec, penet}
 51265 | Depths:3 | Found the +2 cloak of the Thief {*Fog Slay-2 SInv Stlth+}
 51610 | Depths:4 | Entered Level 4 of the Depths
 51750 | Depths:4 | Found a sparkling altar of Nemelex Xobeh.
 51997 | Depths:4 | Found a gate to the Realm of Zot.
 52000 | Depths:4 | Got a midnight gem with 194 turns to spare
 52169 | Depths:4 | Reached XP level 26. HP: 180/180 MP: 23/23
 52556 | Depths:4 | Lost mutation: You have hoof-like feet. [potion of
                  | mutation]
 52556 | Depths:4 | Lost mutation: You have large cloven feet. [potion of
                  | mutation]
 52556 | Depths:4 | Gained mutation: Your health recovers twice as slowly from
                  | being drained. [potion of mutation]
 52556 | Depths:4 | Gained mutation: You are robust. (+10% HP) [potion of
                  | mutation]
 52874 | Elf:3    | Bought a scroll of enchant armour for 157 gold pieces
 53132 | Vaults:5 | Entered Level 5 of the Vaults
 53405 | Vaults:5 | Paralysed by an ogre mage for 2 turns
 53734 | Vaults:5 | Paralysed by a sphinx for 4 turns
 54107 | Vaults:5 | Identified the ring "Wofuocw" {Wiz rC++ Str-3 Slay+4
                  | Stlth+}
 54564 | Vaults:5 | Got the Compilation of Attacks
 54655 | Vaults:5 | Identified the staff "Yfuoqiso" {rElec rPois Will+ Air}
 54848 | Vaults:5 | Got a silver rune of Zot
 54897 | Vaults:5 | Found the +11 plutonium sword {^Contam Stlth-}
 55147 | Vaults:5 | Reached XP level 27. HP: 168/209 MP: 23/23
 55210 | Vaults:5 | Got the Incunable of Rime and the Rocks
 55229 | Vaults:5 | Found the +27 heavy crossbow "Sniper" {heavy, Acc+∞ SInv}
 55251 | Vaults:5 | Identified the +7 great mace of Agaack {freeze, rPois rF+}
 55254 | Vaults:5 | Identified the +1 plate armour "Kaeb Orph" {Int+5}
 55261 | Vaults:5 | Identified the staff "Grim Tooth" {rF++ rC+ Int-2 Conj
                  | Alchemy}
 55835 | Slime:1  | Entered Level 1 of the Pits of Slime
 55858 | Slime:1  | Gained mutation: Armour fits poorly on your strangely
                  | shaped body. [a shining eye]
 55915 | Slime:1  | Lost mutation: Armour fits poorly on your strangely shaped
                  | body. [potion of mutation]
 55915 | Slime:1  | Lost mutation: Your health recovers twice as slowly from
                  | being drained. [potion of mutation]
 55915 | Slime:1  | Lost mutation: You are robust. (+10% HP) [potion of
                  | mutation]
 55915 | Slime:1  | Gained mutation: Your mind is acute. (Int +4, Str/Dex -1)
                  | [potion of mutation]
 55915 | Slime:1  | Gained mutation: You have sharp fingernails. [potion of
                  | mutation]
 55916 | Slime:1  | Lost mutation: Your mind is acute. (Int +4, Str/Dex -1)
                  | [potion of mutation]
 55916 | Slime:1  | Lost mutation: You have sharp fingernails. [potion of
                  | mutation]
 55916 | Slime:1  | Gained mutation: You are weak. (Str -2) [potion of
                  | mutation]
 55916 | Slime:1  | Gained mutation: You are vulnerable to heat. (rF-) [potion
                  | of mutation]
 55916 | Slime:1  | Gained mutation: You sometimes lose your temper in combat.
                  | [potion of mutation]
 55917 | Slime:1  | Lost mutation: You are weak. (Str -2) [potion of mutation]
 55917 | Slime:1  | Lost mutation: You sometimes lose your temper in combat.
                  | [potion of mutation]
 55917 | Slime:1  | Lost mutation: You are vulnerable to heat. (rF-) [potion of
                  | mutation]
 55917 | Slime:1  | Gained mutation: You have large cloven feet. [potion of
                  | mutation]
 55917 | Slime:1  | Gained mutation: You are frail. (-10% HP) [potion of
                  | mutation]
 55917 | Slime:1  | Gained mutation: You are partially covered in iridescent
                  | scales. (AC +2) [potion of mutation]
 55918 | Slime:1  | Lost mutation: You have large cloven feet. [potion of
                  | mutation]
 55918 | Slime:1  | Lost mutation: You are partially covered in iridescent
                  | scales. (AC +2) [potion of mutation]
 55918 | Slime:1  | Gained mutation: Your body sometimes deteriorates upon
                  | taking damage. [potion of mutation]
 55918 | Slime:1  | Gained mutation: You have a pair of small horns on your
                  | head. [potion of mutation]
 55918 | Slime:1  | Gained mutation: Your flesh is heat resistant. (rF+)
                  | [potion of mutation]
 55918 | Slime:1  | Gained mutation: You have hidden genetic potential. [potion
                  | of mutation]
 55919 | Slime:1  | Lost mutation: Your body sometimes deteriorates upon taking
                  | damage. [potion of mutation]
 55919 | Slime:1  | Lost mutation: You have hidden genetic potential. [potion
                  | of mutation]
 55919 | Slime:1  | Lost mutation: You have a pair of small horns on your head.
                  | [potion of mutation]
 55919 | Slime:1  | Gained mutation: Armour fits poorly on your strangely
                  | shaped body. [potion of mutation]
 55919 | Slime:1  | Gained mutation: Your body sometimes deteriorates upon
                  | taking damage. [potion of mutation]
 55919 | Slime:1  | Gained mutation: You are somewhat resistant to further
                  | mutation. [potion of mutation]
 55920 | Slime:1  | Lost mutation: Armour fits poorly on your strangely shaped
                  | body. [potion of mutation]
 55920 | Slime:1  | Lost mutation: You are somewhat resistant to further
                  | mutation. [potion of mutation]
 55920 | Slime:1  | Lost mutation: Your body sometimes deteriorates upon taking
                  | damage. [potion of mutation]
 55920 | Slime:1  | Gained mutation: You expend magic power (3 MP) to
                  | strengthen your wands. [potion of mutation]
 55920 | Slime:1  | Gained mutation: You have an increased reservoir of magic.
                  | (+10% MP) [potion of mutation]
 55921 | Slime:1  | Lost mutation: Your flesh is heat resistant. (rF+) [potion
                  | of mutation]
 55921 | Slime:1  | Lost mutation: You are frail. (-10% HP) [potion of
                  | mutation]
 55921 | Slime:1  | Gained mutation: Potions are less effective at restoring
                  | your health. [potion of mutation]
 55921 | Slime:1  | Gained mutation: You have sharp toenails. [potion of
                  | mutation]
 55922 | Slime:1  | Lost mutation: You have an increased reservoir of magic.
                  | (+10% MP) [potion of mutation]
 55922 | Slime:1  | Lost mutation: You have sharp toenails. [potion of
                  | mutation]
 55922 | Slime:1  | Lost mutation: You expend magic power (3 MP) to strengthen
                  | your wands. [potion of mutation]
 55922 | Slime:1  | Lost mutation: Potions are less effective at restoring your
                  | health. [potion of mutation]
 55922 | Slime:1  | Gained mutation: You are dopey. (Int -2) [potion of
                  | mutation]
 57609 | Slime:3  | Gained mutation: You are weak. (Str -2) [a shining eye]
 57695 | Slime:5  | Entered Level 5 of the Pits of Slime
 58413 | Slime:5  | Noticed the Royal Jelly
 58633 | Slime:4  | HP: 1/192 [acid blob[the Royal Jelly] (23)]
 58633 | Slime:4  | Splashed by an acid blob's acid

Illustrated notes

Levels and vault maps discovered:
D:1:      mrwooster_arrival_statue_3, layout_basic,
          chequers_ecumenical_altar_simple_redux
D:2:      minmay_chambers_of_ones, layout_basic, kennysheep_generic_room_5
D:3:      layout_loops_cross, uniq_ijyb
D:4:      layout_loops_ring, nicolae_letterblocks [nicolae_letter_subblock,
          nicolae_letter_subblock, nicolae_letter_subblock,
          nicolae_letter_subblock, nicolae_letter_subblock,
          nicolae_letter_subblock, nicolae_letter_subblock,
          nicolae_letter_subblock, nicolae_letter_subblock,
          nicolae_letter_subblock, nicolae_letter_subblock,
          nicolae_letter_subblock, nicolae_letter_subblock,
          nicolae_letter_subblock, nicolae_letter_subblock,
          nicolae_letter_subblock, nicolae_letter_subblock,
          nicolae_letter_subblock, nicolae_letter_subblock,
          nicolae_letter_subblock, nicolae_letter_subblock,
          nicolae_letter_subblock, nicolae_letter_subblock,
          nicolae_letter_subblock, nicolae_letter_subblock]
D:5:      layout_basic, minmay_temple_entry_statues_fountains
D:6:      layout_rooms, ebering_ghost_sewer_d, lemuel_flamethrower_2
D:7:      layout_loops_cross
D:8:      layout_cave_pools, minmay_lair_entry_grove, serial_shops,
          shop_fountains
D:9:      layout_loops_ring, mainiacjoe_overflow_paths,
          gammafunk_ghost_stat_death, uniq_joseph
D:10:     layout_loops_ring, serial_co_window_serial, co_window_paths_a,
          co_window_paths_a, co_window_of_opportunity_a, co_window_corner_a,
          co_window_corner_a, co_window_paths_a, co_window_corner_a,
          co_window_paths_c, co_window_broadway_c, co_window_unsneaky_path_c,
          co_window_cross_2, co_window_4corner_b, co_window_sun, glass_columns_a
D:11:     layout_loops_ring, orc_0_dummy, nicolae_shop_i_like_big_books
D:12:     layout_grid_maze, nicolae_kikubaaqudgha_miasma_corner
D:13:     layout_roguey, ximxim_vaults_locker_room, uniq_erolcha
D:14:     layout_roguey [special_room_orc], lemuel_flamethrower_3
D:15:     grunt_enter_depths_snipers, layout_cave_pools,
          nicolae_ru_the_path_less_chosen, minmay_quadrilaterals
Temple:   minmay_crystal_snake_temple
Lair:1:   beast_lair_carwin_large_3, layout_cave_pods,
          nicolae_lair_grazing_beasts [nicolae_sub_lair_graze_edge,
          nicolae_sub_lair_graze_edge, nicolae_sub_lair_graze_edge,
          nicolae_sub_lair_graze_edge], infiniplex_staircase_pool_2
Lair:2:   layout_chaotic_city, alex1729_swamp_entry_worm_eleionoma,
          dummy_spider_entry, serial_rivers, chequers_serial_rivers_marsh,
          chequers_serial_rivers_micro_e, chequers_serial_rivers_micro_e,
          chequers_serial_rivers_micro_b, chequers_serial_rivers_room_b,
          lemuel_fruit_fields, serial_bayou_shore_b, uniq_gastronok
Lair:3:   layout_concentric_octagons
Lair:4:   layout_gridlike, slime_entry_1, minivault_27, uniq_kirke
Lair:5:   evilmike_catoblepas_cave, layout_regular_city,
          grunt_forest_small_clearings, dreamdust_mushroom_princess, st_stairs_9
Swamp:1:  layout_basic_swamp, nicolae_swamp_oxbows, swamp_pool_1_2,
          nicolae_swamp_bean_lake
Swamp:2:  layout_falls_marsh, nicolae_swamp_stair_fork
Swamp:3:  layout_falls_marsh, portal_ice_cave_entry_frozen_things,
          serial_swamp_ruin, evilmike_swamp_ruin_house_5,
          evilmike_swamp_ruin_wall
Swamp:4:  swamp_old_school, layout_basic_swamp, swamp_pool_1_2
Spider:1: layout_spider_delve, uniq_frances
Spider:2: layout_chambers, drop_trap, hellmonk_motheaten_closet, uniq_donald,
          uniq_nikola, uniq_arachne
Spider:3: layout_spider_delve, hangedman_spider_tarantella_strand
Spider:4: grunt_spider_rune_circles, uniq_mlioglotl
Slime:1:  cheibrodos_slime_lost_civilization_9, layout_caves
Slime:2:  layout_caves, cheibrodos_slime_lost_civilization_7
Slime:3:  cheibrodos_slime_lost_civilization_2, layout_caves
Slime:4:  layout_caves
Slime:5:  slime_pit_nicolae_royal_road_to_ruin
Orc:1:    layout_caves, serial_shops, shop, uniq_nergalle
Orc:2:    grunt_orc_cross, layout_caves, basic_altar, bh_open_orc_temple,
          uniq_sonja
Elf:1:    eino_elf_arrival_sip, layout_geoelf_diagonals, serial_shops, shop,
          hangedman_elf_disciples, evilmike_spriggan_trog_shrine
Elf:2:    nicolae_elf_blades_crystal_corner, layout_loops_corners, serial_shops,
          shop_fountains
Elf:3:    minmay_elf_hall_dome, layout_geoelf_grid, serial_shops,
          nicolae_shop_real_fake_doors, grunt_ministairs_8, st_stairs_8,
          hangedman_elf_power_crystal, minivault_20, minmay_shoptagon
Vaults:1: nicolae_vaults_stairing_the_circle, nicolae_vaults_double_plus_2,
          serial_ice_h, hangedman_vaults_nails, nicolae_vaults_yaktaur_gun_rack,
          hangedman_vaults_locks, nicolae_vaults_house_3, v_rooms_1,
          nicolae_vaults_ring_of_whatevers, ontoclasm_vaults_chip,
          vaults_dpeg_diagonal, ontoclasm_vaults_gateway, special_room_vaults
          [special_room_orc], nicolae_vaults_little_ls,
          nicolae_vaults_tetromino_L_2, layout_vaults_ring, serial_shops,
          nicolae_shop_stone
Vaults:2: nicolae_vaults_crenellated_ambush,
          hangedman_vaults_stretched_pinwheel, nicolae_vaults_storage_closets_1,
          hangedman_vaults_variations, nicolae_vaults_windows_and_doors_thing,
          v_alt_pattern_4, v_alt_pattern_1, v_misc_19,
          grunt_vaults_hallway_short, ontoclasm_vaults_loading_screen,
          nicolae_vaults_prndl, nicolae_vaults_apartment_1,
          layout_vaults_big_room, serial_shops, shop
Vaults:3: minmay_crypt_entry_nasty_monster, hangedman_vaults_maws,
          grunt_vaults_funnel, vaults_standard_mumra_enter_the_diamond,
          ontoclasm_vaults_tryst, v_misc_9, serial_ice_g, v_misc_4,
          nicolae_vaults_octothorpe, nicolae_vaults_diffraction_hallways,
          nicolae_vaults_asterisk, layout_vaults_maze_snakey, uniq_sojobo
Vaults:4: ontoclasm_vaults_spin, hangedman_vaults_river_flow,
          nicolae_vaults_sightless_eye, nicolae_vaults_circle_grid_a,
          nicolae_vaults_variable_pillar_hall, vaults_room_pool,
          vaults_dpeg_hooks, v_misc_12, dpeg_vaults_monster_box,
          layout_vaults_quadrants, serial_shops, shop, uniq_margery
Vaults:5: serial_shops
Crypt:1:  layout_chaotic_city, roderic_lattice_octagonal_star, uniq_frederick,
          uniq_bai_suzhen
Crypt:2:  layout_chaotic_city
Crypt:3:  due_elkab, layout_chaotic_city
Depths:1: layout_cave_pools, pf_hell_entry_great_geh, kennysheep_two_boxes,
          infiniplex_staircase_pool_lava, uniq_saint_roka
Depths:2: regret_index_infernal_bastille, layout_gridlike,
          rand_demon_pan_entry_8, chequers_big_river, abyss_entry, hell_entry,
          infiniplex_staircase_diamond, uniq_grunn
Depths:3: minmay_shoctagon, layout_twisted_cross, enter_ziggurat_e,
          abyss_entry_glasseish, serial_shops, shop, hell_entry,
          rand_demon_pan_entry_7, serial_glass, glass_columns_b,
          glass_columns_c, minmay_misc_feat_nine_boxes,
          infiniplex_staircase_squiggle
Depths:4: grunt_twist_and_shout, layout_basic, hangedman_abyss_entry_splay,
          nemelex_diamond_rough_becter, pf_coc_iceberg,
          serial_sigils_hangedman_gut

Skill      XL: |  1  2  3  4  5  6  7  8  9 10 11 12 13 14 15 16 17 18 19 20 21 22 23 24 25 26 27 |
---------------+----------------------------------------------------------------------------------+-----
Throwing       | 2 3 |  3.0
Fighting       | 3 4 5 6 7 9 10 12 13 14 15 16 18 19 20 21 22 24 | 24.9
Unarmed Combat | 4 5 6 8 10 11 13 15 16 18 19 21 23 24 25 26 | 26.9
Dodging        | 3 4 5 6 7 8 9 10 11 12 13 14 15 16 18 19 20 21 22 | 22.3
Armour         | 3 9 15 16 17 18 19 20 21 22 24 | 24.8

Action                     |  1- 3 |  4- 6 |  7- 9 | 10-12 | 13-15 | 16-18 | 19-21 | 22-24 | 25-27 || total
---------------------------+-------+-------+-------+-------+-------+-------+-------+-------+-------++-------
  Melee: Unarmed           |   102 |   158 |   277 |   768 |  1247 |  1698 |  1735 |  2048 |  1659 ||  9692
         Punch             |     4 |     5 |    18 |    76 |   180 |   245 |   384 |   497 |   493 ||  1902
         Headbutt          |       |       |       |       |       |       |       |   103 |       ||   103
         Kick              |       |       |       |       |       |       |       |   481 |   321 ||   802
   Fire: Heavy crossbow    |       |       |       |       |       |       |       |       |    21 ||    21
  Throw: Javelin           |     2 |     4 |     8 |     4 |     4 |    10 |     4 |     9 |       ||    45
         Throwing net      |       |     3 |     2 |     1 |     1 |       |       |       |       ||     7
         Dart              |       |       |       |       |     1 |     2 |     6 |       |       ||     9
         Boomerang         |       |       |       |       |       |       |     9 |       |       ||     9
  Evoke: Wand              |       |    12 |     8 |     4 |     1 |    21 |     8 |       |     3 ||    57
         Box of beasts     |       |       |       |       |       |     1 |       |       |       ||     1
    Use: Scroll            |     3 |     5 |    10 |     9 |    10 |    13 |    13 |     9 |     6 ||    78
         Potion            |       |       |       |     1 |     2 |     7 |     7 |    10 |    20 ||    47
   Stab: Paralysed         |       |       |     6 |     2 |       |    16 |     9 |       |       ||    33
         Sleeping          |       |       |     1 |     4 |     8 |       |       |     5 |     7 ||    25
         Held in net/web   |       |       |       |     2 |       |       |       |       |       ||     2
         Distracted        |       |       |       |       |     1 |     2 |       |     2 |       ||     5
         Invisible         |       |       |       |       |       |     3 |       |     5 |       ||     8
 Armour: Ring mail         |    50 |   104 |    90 |       |       |       |       |       |       ||   244
         Leather armour    |       |       |    50 |    72 |       |       |       |       |       ||   122
         Troll leather arm |       |       |       |   289 |   214 |       |       |       |       ||   503
         Robe              |       |       |       |       |   208 |       |       |   167 |   276 ||   651
         Plate armour      |       |       |       |       |   164 |  1767 |  1132 |       |   374 ||  3437
         Gold dragon scale |       |       |       |       |       |       |   664 |  1391 |   954 ||  3009
  Dodge: Dodged            |    49 |    79 |   284 |  1121 |  1171 |  1297 |  1194 |  1061 |  1426 ||  7682
  Block: Buckler           |       |       |       |       |       |   144 |       |       |       ||   144
         Reflection        |       |       |       |       |       |     2 |       |       |       ||     2
